[ PARTIDA AOE2 · #484464039 ]
Team RMAztecas vs Vietnamese
[ ANÁLISIS DE REPETICIÓN · EXTRAÍDO DE LA PARTIDA GRABADA ]
Feudal
12:21
Castillos
16:50
Imperial
37:19
| APM promedio | 29.4 |
| APM pico | 64 |
| eAPM promedio | 16.1 |
| Aldeanos / militares | 111 / 374 |
Foco
⚔️ 40.2% · 🌾 59.8%
Jaguar Warrior ×146 · Skirmisher ×138 · Spearman ×50 · Militia ×15 · Trebuchet (Packed) ×14 · Archer ×10
Feudal
10:43
Castillos
20:05
Imperial
47:11
| APM promedio | 21.5 |
| APM pico | 42 |
| eAPM promedio | 13.5 |
| Aldeanos / militares | 76 / 188 |
Foco
⚔️ 48.7% · 🌾 51.3%
Spearman ×84 · Scout Cavalry ×75 · Scorpion ×25 · Tarkan ×3 · Mangonel ×1
Feudal
10:20
Castillos
16:52
Imperial
32:52
| APM promedio | 39.5 |
| APM pico | 95 |
| eAPM promedio | 20.8 |
| Aldeanos / militares | 79 / 135 |
Foco
⚔️ 32.1% · 🌾 67.9%
Fire Lancer ×97 · Battle Elephant ×19 · Battering Ram ×11 · Monk ×4 · Scorpion ×3 · Mangonel ×1
Feudal
12:17
Castillos
17:10
Imperial
44:45
| APM promedio | 33.5 |
| APM pico | 78 |
| eAPM promedio | 16.9 |
| Aldeanos / militares | 80 / 66 |
Foco
⚔️ 25.8% · 🌾 74.2%
Konnik ×28 · Spearman ×23 · Militia ×15
Feudal
12:07
Castillos
19:09
Imperial
43:31
| APM promedio | 19.3 |
| APM pico | 47 |
| eAPM promedio | 10.2 |
| Aldeanos / militares | 58 / 128 |
Foco
⚔️ 46.8% · 🌾 53.2%
Chakram Thrower ×64 · Skirmisher ×57 · Elephant Archer ×6 · Spearman ×1
Feudal
—
Castillos
—
Imperial
—
| APM promedio | 17.8 |
| APM pico | 52 |
| eAPM promedio | 12.9 |
| Aldeanos / militares | 89 / 206 |
Foco
⚔️ 37.4% · 🌾 62.6%
Spearman ×100 · Chu Ko Nu ×72 · Battering Ram ×10 · Militia ×10 · Iron Pagoda ×6 · Scorpion ×5
Feudal
12:57
Castillos
20:05
Imperial
38:54
| APM promedio | 12.8 |
| APM pico | 38 |
| eAPM promedio | 9.5 |
| Aldeanos / militares | 116 / 58 |
Foco
⚔️ 16.4% · 🌾 83.6%
Konnik ×52 · Militia ×2 · Spearman ×2 · Scout Cavalry ×2 · Trade Cart ×2
Feudal
10:09
Castillos
17:01
Imperial
35:03
| APM promedio | 16.8 |
| APM pico | 42 |
| eAPM promedio | 11.7 |
| Aldeanos / militares | 106 / 94 |
Foco
⚔️ 17.9% · 🌾 82.1%
Battle Elephant ×42 · Scorpion ×39 · Trade Cart ×12 · Monk ×5 · Trebuchet (Packed) ×4 · Knight ×2
Mapa de la partida
Recursos iniciales + cada clic de construcción. Líneas = muros · curvas = relieve. ◆ oro · ⬟ piedra · ● bayas · ✦ reliquia · ◌ hueco del cierre
Tu base· ✓ Cerrada en 16:50 · 0t muro · 3 puerta(s)
Base de Girk· ✓ Cerrada en 20:05 · 10t muro · 3 puerta(s)
Base de danielfns· ✓ Cerrada en 16:52 · 0t muro · 2 puerta(s)
Base de Struggler· ✓ Cerrada en 17:10 · 0t muro · 2 puerta(s)
Base de cristobal.ganter· ✓ Cerrada en 19:09 · 0t muro · 2 puerta(s)
Base de jonasbmas· ✓ Cerrada en 16:17 · 0t muro · 2 puerta(s)
Base de Gobinho· ✓ Cerrada en 20:05 · 0t muro · 2 puerta(s)
Base de julianlutzen· ✓ Cerrada en 17:01 · 0t muro · 3 puerta(s)
Terreno inicial suavizado · ◌ = hueco del cierre detectado · pasá el cursor para detalles
Inputs por minuto
— Burzgûl - - Girk
Build order — Burzgûl
Primeras 150 de 317 acciones detectadas
| 0:02 | Crear | Villager (Male) |
| 0:02 | Crear | Villager (Male) |
| 0:02 | Crear | Villager (Male) |
| 0:04 | Construir | House |
| 0:09 | Construir | House |
| 0:09 | Crear | Villager (Male) |
| 0:10 | Crear | Villager (Male) |
| 1:34 | Crear | Villager (Male) |
| 1:34 | Crear | Villager (Male) |
| 2:03 | Crear | Villager (Male) |
| 2:03 | Crear | Villager (Male) |
| 2:16 | Construir | Lumber Camp |
| 3:27 | Crear | Villager (Male) |
| 3:27 | Crear | Villager (Male) |
| 3:27 | Crear | Villager (Male) |
| 3:41 | Crear | Villager (Male) |
| 3:41 | Crear | Villager (Male) |
| 3:58 | Crear | Villager (Male) |
| 3:58 | Crear | Villager (Male) |
| 3:58 | Crear | Villager (Male) |
| 4:08 | Crear | Villager (Male) |
| 4:09 | Crear | Villager (Male) |
| 4:20 | Construir | House |
| 4:22 | Construir | House |
| 4:35 | Construir | House |
| 5:22 | Construir | Mill |
| 6:01 | Crear | Villager (Male) ×4 |
| 6:15 | Crear | Villager (Male) |
| 6:16 | Crear | Villager (Male) |
| 6:16 | Crear | Villager (Male) |
| 6:42 | Crear | Villager (Male) |
| 7:06 | Crear | Villager (Male) |
| 7:06 | Crear | Villager (Male) |
| 7:25 | Construir | Farm |
| 7:44 | Construir | Farm |
| 8:10 | Construir | Farm |
| 9:11 | Construir | House |
| 9:18 | Construir | Mining Camp |
| 10:11 | Investigar | Feudal Age |
| 11:01 | Crear | Villager (Male) |
| 11:01 | Crear | Villager (Male) |
| 11:01 | Crear | Villager (Male) |
| 11:33 | Construir | Barracks |
| 11:55 | Construir | House |
| 12:14 | Construir | Mill |
| 12:21 | Edad | Edad Feudal |
| 12:32 | Construir | Market |
| 13:43 | Construir | Blacksmith |
| 14:05 | Crear | Villager (Male) |
| 14:10 | Investigar | Castle Age |
| 14:11 | Investigar | Castle Age |
| 14:40 | Investigar | Double-Bit Axe |
| 14:43 | Investigar | Horse Collar |
| 14:49 | Investigar | Arson |
| 14:53 | Investigar | Forging |
| 14:53 | Investigar | Scale Mail Armor |
| 15:34 | Investigar | Man-at-Arms (upgrade) |
| 15:40 | Investigar | Padded Archer Armor |
| 15:45 | Construir | Mining Camp |
| 15:48 | Construir | House |
| 15:49 | Construir | House |
| 15:50 | Construir | House |
| 16:21 | Construir | Farm |
| 16:21 | Construir | Farm |
| 16:21 | Construir | Farm |
| 16:21 | Construir | Farm |
| 16:22 | Construir | Farm |
| 16:33 | Crear | Villager (Male) ×4 |
| 16:50 | Edad | Edad de los Castillos |
| 16:54 | Construir | Farm |
| 17:02 | Construir | Farm |
| 17:19 | Construir | Farm |
| 18:00 | Construir | Town Center |
| 18:04 | Crear | Villager (Male) ×3 |
| 18:53 | Construir | Town Center |
| 19:09 | Construir | Farm |
| 19:14 | Crear | Villager (Male) ×5 |
| 19:54 | Investigar | Squires |
| 20:05 | Construir | Archery Range |
| 20:08 | Construir | Archery Range |
| 20:16 | Investigar | Pikeman (upgrade) |
| 20:30 | Crear | Villager (Male) |
| 20:43 | Construir | Monastery |
| 20:48 | Crear | Villager (Male) |
| 21:42 | Investigar | Stone Mining |
| 21:44 | Investigar | Gold Mining |
| 21:44 | Crear | Villager (Male) |
| 22:16 | Construir | Farm |
| 22:19 | Construir | Farm |
| 22:24 | Construir | Town Center |
| 22:28 | Investigar | Loom |
| 22:28 | Crear | Villager (Male) ×4 |
| 23:21 | Investigar | Elite Skirmisher (upgrade) |
| 23:24 | Crear | Skirmisher |
| 23:25 | Crear | Skirmisher |
| 23:36 | Crear | Villager (Male) |
| 23:36 | Crear | Villager (Male) |
| 23:37 | Crear | Villager (Male) |
| 24:00 | Crear | Villager (Male) ×3 |
| 24:20 | Construir | Farm |
| 24:22 | Construir | Farm |
| 24:25 | Construir | Farm |
| 24:30 | Construir | Farm |
| 24:32 | Construir | Farm |
| 24:34 | Construir | Farm |
| 24:37 | Investigar | Crossbowman (upgrade) |
| 24:39 | Crear | Archer ×5 |
| 24:43 | Crear | Skirmisher |
| 24:58 | Crear | Villager (Male) ×2 |
| 25:21 | Crear | Villager (Male) ×2 |
| 25:28 | Construir | House |
| 25:28 | Construir | House |
| 25:29 | Construir | House |
| 25:29 | Construir | House |
| 25:29 | Construir | House |
| 25:29 | Construir | House |
| 25:30 | Construir | House |
| 25:30 | Construir | House |
| 25:30 | Construir | House |
| 25:30 | Construir | House |
| 25:31 | Construir | House |
| 25:31 | Construir | House |
| 25:31 | Construir | House |
| 25:31 | Construir | House |
| 25:34 | Construir | House |
| 25:34 | Construir | House |
| 25:34 | Construir | House |
| 25:35 | Construir | House |
| 25:35 | Construir | House |
| 25:35 | Construir | House |
| 25:41 | Construir | Farm |
| 25:47 | Crear | Skirmisher ×5 |
| 25:48 | Crear | Skirmisher ×2 |
| 25:58 | Investigar | Fletching |
| 26:15 | Crear | Villager (Male) ×2 |
| 26:26 | Crear | Villager (Male) |
| 26:42 | Construir | Mining Camp |
| 27:12 | Crear | Skirmisher ×5 |
| 27:15 | Crear | Spearman ×5 |
| 27:20 | Investigar | Eagle Warrior (upgrade) |
| 27:30 | Construir | Farm |
| 27:32 | Construir | Farm |
| 27:35 | Investigar | Heavy Plow |
| 28:02 | Crear | Archer ×5 |
| 28:15 | Construir | Archery Range |
| 28:23 | Construir | Castle |
| 28:31 | Crear | Villager (Male) ×5 |
| 28:55 | Construir | Farm |
| 28:56 | Crear | Villager (Male) ×5 |
| 29:00 | Construir | Farm |
Build order — Girk
Primeras 150 de 346 acciones detectadas
| 0:09 | Crear | Villager (Male) |
| 0:09 | Crear | Villager (Male) |
| 0:09 | Crear | Villager (Male) |
| 0:10 | Crear | Villager (Male) |
| 2:47 | Crear | Villager (Male) |
| 2:47 | Crear | Villager (Male) |
| 2:48 | Crear | Villager (Male) |
| 3:47 | Construir | Mill |
| 3:55 | Crear | Villager (Male) |
| 3:55 | Crear | Villager (Male) |
| 4:47 | Crear | Villager (Male) |
| 4:47 | Crear | Villager (Male) |
| 4:48 | Crear | Villager (Male) |
| 5:49 | Crear | Villager (Male) |
| 5:49 | Crear | Villager (Male) |
| 5:51 | Crear | Villager (Male) |
| 6:36 | Crear | Villager (Male) |
| 6:41 | Crear | Villager (Male) |
| 8:02 | Construir | Lumber Camp |
| 8:33 | Investigar | Feudal Age |
| 10:43 | Edad | Edad Feudal |
| 10:45 | Crear | Villager (Male) |
| 10:45 | Crear | Villager (Male) |
| 10:45 | Crear | Villager (Male) |
| 10:46 | Crear | Villager (Male) |
| 10:46 | Crear | Villager (Male) |
| 10:51 | Crear | Villager (Male) |
| 10:57 | Investigar | Double-Bit Axe |
| 11:02 | Investigar | Horse Collar |
| 11:05 | Investigar | Double-Bit Axe |
| 11:22 | Crear | Villager (Male) |
| 11:29 | Construir | Farm |
| 11:32 | Construir | Farm |
| 11:35 | Construir | Farm |
| 11:37 | Construir | Farm |
| 11:41 | Construir | Farm |
| 11:44 | Crear | Villager (Male) |
| 11:49 | Construir | Farm |
| 11:52 | Construir | Farm |
| 11:54 | Construir | Farm |
| 12:03 | Construir | Farm |
| 12:19 | Crear | Villager (Male) |
| 12:38 | Construir | Barracks |
| 12:52 | Crear | Villager (Male) |
| 12:52 | Crear | Villager (Male) |
| 12:58 | Construir | Farm |
| 13:19 | Construir | Farm |
| 13:56 | Investigar | Wheelbarrow |
| 14:05 | Construir | Blacksmith |
| 14:53 | Construir | Market |
| 15:26 | Construir | Farm |
| 15:27 | Construir | Farm |
| 16:29 | Crear | Villager (Male) |
| 16:32 | Crear | Villager (Male) |
| 16:32 | Crear | Villager (Male) |
| 16:33 | Crear | Villager (Male) |
| 16:41 | Construir | Stable |
| 17:15 | Investigar | Castle Age |
| 17:40 | Construir | Mining Camp |
| 17:59 | Crear | Scout Cavalry |
| 17:59 | Crear | Scout Cavalry |
| 18:00 | Crear | Scout Cavalry |
| 18:30 | Crear | Scout Cavalry |
| 18:31 | Investigar | Bloodlines |
| 19:08 | Crear | Scout Cavalry |
| 19:32 | Crear | Villager (Male) |
| 19:32 | Crear | Villager (Male) |
| 19:41 | Crear | Villager (Male) |
| 19:41 | Crear | Villager (Male) |
| 19:42 | Crear | Villager (Male) |
| 19:50 | Construir | Palisade Wall |
| 20:05 | Edad | Edad de los Castillos |
| 20:05 | Crear | Scout Cavalry |
| 20:05 | Crear | Scout Cavalry |
| 20:18 | Crear | Spearman |
| 20:19 | Crear | Spearman |
| 20:19 | Crear | Spearman |
| 20:57 | Crear | Spearman |
| 21:02 | Investigar | Pikeman (upgrade) |
| 21:25 | Construir | Palisade Wall |
| 21:38 | Construir | Palisade Wall |
| 21:42 | Crear | Spearman |
| 21:42 | Crear | Spearman |
| 21:42 | Crear | Spearman |
| 21:43 | Crear | Spearman |
| 21:47 | Investigar | Forging |
| 21:59 | Crear | Spearman |
| 21:59 | Crear | Spearman |
| 22:00 | Crear | Spearman |
| 22:11 | Construir | Palisade Wall |
| 22:15 | Construir | Palisade Wall |
| 22:22 | Crear | Spearman |
| 22:23 | Crear | Spearman |
| 22:29 | Construir | Siege Workshop |
| 22:38 | Construir | Palisade Wall |
| 22:51 | Construir | Stone Wall |
| 23:01 | Crear | Spearman |
| 23:01 | Crear | Spearman |
| 23:06 | Crear | Scout Cavalry |
| 23:06 | Crear | Scout Cavalry |
| 23:07 | Crear | Scout Cavalry |
| 23:11 | Construir | Barracks |
| 23:25 | Construir | Palisade Wall |
| 23:55 | Crear | Scorpion |
| 23:55 | Crear | Scorpion |
| 23:55 | Crear | Scorpion |
| 23:55 | Crear | Scorpion |
| 23:56 | Crear | Scorpion |
| 23:56 | Crear | Scorpion |
| 24:05 | Crear | Spearman |
| 24:06 | Crear | Spearman |
| 24:06 | Crear | Spearman |
| 24:09 | Investigar | Husbandry |
| 24:54 | Crear | Villager (Male) |
| 24:54 | Crear | Villager (Male) |
| 24:54 | Crear | Villager (Male) |
| 24:55 | Crear | Villager (Male) |
| 24:55 | Crear | Villager (Male) |
| 25:20 | Construir | Palisade Wall |
| 25:34 | Crear | Scorpion |
| 25:34 | Crear | Scorpion |
| 25:39 | Investigar | Light Cavalry (upgrade) |
| 26:14 | Construir | Farm |
| 26:14 | Construir | Farm |
| 26:18 | Construir | Farm |
| 26:23 | Construir | Farm |
| 26:28 | Construir | Farm |
| 26:29 | Construir | Farm |
| 26:29 | Construir | Farm |
| 26:33 | Crear | Scout Cavalry |
| 26:34 | Crear | Scout Cavalry |
| 26:34 | Crear | Scout Cavalry |
| 26:36 | Crear | Scout Cavalry |
| 26:36 | Crear | Scout Cavalry |
| 27:51 | Crear | Scorpion |
| 27:55 | Crear | Spearman |
| 27:55 | Crear | Spearman |
| 27:56 | Crear | Spearman |
| 27:57 | Investigar | Squires |
| 27:59 | Crear | Scout Cavalry |
| 28:05 | Construir | Stable |
| 28:19 | Construir | Farm |
| 28:21 | Construir | Farm |
| 28:43 | Crear | Scorpion |
| 28:46 | Crear | Scout Cavalry |
| 28:47 | Crear | Scout Cavalry |
| 28:47 | Crear | Scout Cavalry |
| 29:47 | Crear | Scout Cavalry |
| 29:52 | Crear | Villager (Male) |
| 29:52 | Crear | Villager (Male) |
Build order — danielfns
Primeras 150 de 238 acciones detectadas
| 0:01 | Crear | Villager (Male) |
| 0:01 | Crear | Villager (Male) |
| 0:01 | Crear | Villager (Male) |
| 0:02 | Crear | Villager (Male) |
| 0:04 | Construir | House |
| 0:06 | Construir | House |
| 1:35 | Crear | Villager (Male) |
| 2:07 | Crear | Villager (Male) |
| 2:07 | Crear | Villager (Male) |
| 2:36 | Crear | Villager (Male) |
| 2:42 | Crear | Villager (Male) |
| 3:20 | Construir | Lumber Camp |
| 3:26 | Crear | Villager (Male) |
| 3:33 | Construir | House |
| 3:34 | Construir | House |
| 3:47 | Crear | Villager (Male) |
| 4:07 | Crear | Villager (Male) |
| 4:28 | Crear | Villager (Male) |
| 4:34 | Crear | Villager (Male) |
| 4:58 | Crear | Villager (Male) |
| 5:09 | Crear | Villager (Male) |
| 6:08 | Crear | Villager (Male) |
| 6:33 | Crear | Villager (Male) |
| 6:50 | Construir | Mill |
| 6:58 | Crear | Villager (Male) |
| 7:36 | Crear | Villager (Male) |
| 8:10 | Investigar | Feudal Age |
| 8:13 | Construir | Mining Camp |
| 8:35 | Construir | House |
| 9:24 | Crear | Villager (Male) |
| 9:39 | Construir | Farm |
| 9:42 | Construir | Farm |
| 9:45 | Construir | Farm |
| 9:49 | Construir | Farm |
| 10:20 | Edad | Edad Feudal |
| 10:47 | Construir | Market |
| 10:53 | Crear | Villager (Male) |
| 11:11 | Crear | Villager (Male) |
| 11:26 | Construir | Blacksmith |
| 11:27 | Crear | Villager (Male) |
| 11:52 | Construir | Farm |
| 12:03 | Crear | Villager (Male) |
| 12:18 | Crear | Villager (Male) |
| 12:49 | Construir | Farm |
| 12:52 | Construir | Farm |
| 12:57 | Construir | Farm |
| 13:01 | Crear | Villager (Male) |
| 13:07 | Construir | Farm |
| 13:10 | Construir | Farm |
| 13:15 | Construir | Farm |
| 13:27 | Crear | Villager (Male) |
| 13:34 | Construir | House |
| 13:42 | Construir | Farm |
| 14:12 | Investigar | Castle Age |
| 14:20 | Construir | Barracks |
| 14:48 | Investigar | Double-Bit Axe |
| 15:09 | Investigar | Horse Collar |
| 15:25 | Construir | Barracks |
| 15:35 | Crear | Villager (Male) |
| 15:48 | Investigar | Gold Mining |
| 16:27 | Construir | House |
| 16:52 | Edad | Edad de los Castillos |
| 17:03 | Construir | Siege Workshop |
| 17:10 | Crear | Fire Lancer |
| 17:11 | Crear | Fire Lancer |
| 17:14 | Crear | Villager (Male) |
| 17:23 | Crear | Villager (Male) |
| 17:35 | Crear | Villager (Male) |
| 17:50 | Investigar | Wheelbarrow |
| 18:03 | Construir | Siege Workshop |
| 18:05 | Crear | Battering Ram |
| 18:08 | Crear | Fire Lancer |
| 18:11 | Crear | Fire Lancer |
| 18:13 | Crear | Villager (Male) |
| 18:19 | Investigar | Bow Saw |
| 18:53 | Crear | Battering Ram |
| 19:27 | Crear | Battering Ram |
| 19:46 | Crear | Villager (Male) |
| 19:52 | Construir | House |
| 19:56 | Crear | Villager (Male) |
| 20:00 | Crear | Fire Lancer |
| 20:03 | Crear | Fire Lancer |
| 20:04 | Crear | Fire Lancer |
| 20:13 | Crear | Battering Ram |
| 20:31 | Crear | Battering Ram |
| 20:41 | Construir | House |
| 20:45 | Construir | Farm |
| 20:45 | Construir | Farm |
| 20:53 | Construir | House |
| 21:25 | Crear | Villager (Male) |
| 21:26 | Crear | Villager (Male) |
| 21:27 | Investigar | Scale Mail Armor |
| 21:28 | Investigar | Forging |
| 21:32 | Crear | Fire Lancer |
| 21:32 | Crear | Fire Lancer |
| 21:59 | Crear | Fire Lancer |
| 22:00 | Crear | Fire Lancer |
| 22:00 | Crear | Villager (Male) |
| 22:10 | Crear | Scorpion |
| 22:26 | Crear | Villager (Male) |
| 22:32 | Construir | House |
| 22:33 | Construir | House |
| 23:08 | Crear | Villager (Male) |
| 23:08 | Crear | Villager (Male) |
| 23:14 | Crear | Fire Lancer |
| 23:15 | Crear | Fire Lancer |
| 23:26 | Crear | Villager (Male) |
| 23:26 | Crear | Villager (Male) |
| 24:26 | Crear | Villager (Male) |
| 24:27 | Crear | Villager (Male) |
| 24:32 | Construir | Town Center |
| 24:37 | Construir | Farm |
| 24:37 | Construir | Farm |
| 24:37 | Construir | Farm |
| 24:37 | Construir | Farm |
| 24:38 | Construir | Farm |
| 25:07 | Crear | Fire Lancer |
| 25:07 | Crear | Fire Lancer |
| 25:09 | Crear | Fire Lancer |
| 25:09 | Crear | Fire Lancer |
| 25:14 | Crear | Battering Ram |
| 25:24 | Construir | Town Center |
| 27:14 | Crear | Battering Ram |
| 27:15 | Crear | Battering Ram |
| 27:52 | Crear | Villager (Male) |
| 28:02 | Construir | Farm |
| 28:03 | Construir | Farm |
| 28:05 | Investigar | Loom |
| 28:09 | Crear | Villager (Male) |
| 28:27 | Construir | University |
| 28:34 | Crear | Villager (Male) |
| 28:36 | Investigar | Heavy Plow |
| 28:45 | Crear | Villager (Male) |
| 28:45 | Crear | Villager (Male) |
| 28:45 | Crear | Villager (Male) |
| 29:01 | Crear | Fire Lancer ×5 |
| 29:26 | Crear | Villager (Male) |
| 29:40 | Investigar | Imperial Age |
| 29:51 | Crear | Fire Lancer ×2 |
| 29:51 | Crear | Fire Lancer ×2 |
| 30:09 | Construir | Farm |
| 30:15 | Construir | Farm |
| 30:15 | Construir | Farm |
| 30:26 | Investigar | Stone Mining |
| 30:53 | Construir | Monastery |
| 31:15 | Construir | Mining Camp |
| 31:37 | Investigar | Iron Casting |
| 31:44 | Investigar | Chain Mail Armor |
| 31:46 | Crear | Fire Lancer ×4 |
| 32:52 | Edad | Edad Imperial |
Build order — Struggler
Primeras 150 de 285 acciones detectadas
| 0:04 | Construir | House |
| 0:05 | Construir | House |
| 0:18 | Crear | Villager (Male) |
| 0:18 | Crear | Villager (Male) |
| 0:19 | Crear | Villager (Male) |
| 0:19 | Crear | Villager (Male) |
| 0:19 | Crear | Villager (Male) |
| 1:55 | Crear | Villager (Male) |
| 2:03 | Construir | Lumber Camp |
| 2:13 | Construir | Lumber Camp |
| 2:26 | Crear | Villager (Male) |
| 2:32 | Construir | House |
| 2:34 | Construir | House |
| 2:47 | Crear | Villager (Male) |
| 3:02 | Crear | Villager (Male) |
| 3:03 | Crear | Villager (Male) |
| 3:26 | Crear | Villager (Male) |
| 4:04 | Crear | Villager (Male) |
| 4:33 | Crear | Villager (Male) |
| 4:33 | Crear | Villager (Male) |
| 5:00 | Investigar | Loom |
| 5:05 | Crear | Villager (Male) |
| 5:05 | Crear | Villager (Male) |
| 6:00 | Construir | Mill |
| 6:11 | Crear | Villager (Male) |
| 6:12 | Crear | Villager (Male) |
| 6:12 | Crear | Villager (Male) |
| 6:40 | Construir | Farm |
| 6:44 | Construir | Farm |
| 6:47 | Crear | Villager (Male) |
| 7:09 | Construir | Mill |
| 7:42 | Crear | Villager (Male) |
| 8:07 | Crear | Villager (Male) |
| 8:34 | Construir | House |
| 8:39 | Construir | House |
| 8:52 | Crear | Villager (Male) |
| 8:58 | Construir | Farm |
| 8:59 | Construir | Farm |
| 9:00 | Construir | Farm |
| 9:14 | Crear | Villager (Male) |
| 9:32 | Crear | Villager (Male) |
| 9:57 | Investigar | Feudal Age |
| 11:22 | Construir | Farm |
| 12:06 | Construir | Mining Camp |
| 12:08 | Construir | Farm |
| 12:10 | Construir | Farm |
| 12:17 | Edad | Edad Feudal |
| 12:21 | Crear | Villager (Male) |
| 12:32 | Construir | Market |
| 12:42 | Construir | Blacksmith |
| 13:00 | Investigar | Double-Bit Axe |
| 13:15 | Investigar | Wheelbarrow |
| 13:35 | Construir | Farm |
| 13:54 | Construir | Mining Camp |
| 14:23 | Investigar | Castle Age |
| 16:21 | Investigar | Stone Mining |
| 16:25 | Investigar | Gold Mining |
| 16:38 | Construir | Mining Camp |
| 16:49 | Investigar | Horse Collar |
| 16:56 | Investigar | Forging |
| 16:56 | Investigar | Scale Barding Armor |
| 16:57 | Investigar | Scale Mail Armor |
| 17:10 | Edad | Edad de los Castillos |
| 17:14 | Crear | Villager (Male) |
| 17:19 | Construir | Town Center |
| 18:03 | Construir | Town Center |
| 18:08 | Crear | Villager (Male) |
| 18:08 | Crear | Villager (Male) |
| 18:10 | Crear | Villager (Male) |
| 18:51 | Crear | Villager (Male) |
| 19:12 | Crear | Villager (Male) |
| 19:31 | Construir | Krepost |
| 19:36 | Construir | Barracks |
| 19:41 | Crear | Villager (Male) |
| 19:41 | Crear | Villager (Male) |
| 20:28 | Crear | Villager (Male) |
| 20:29 | Crear | Villager (Male) |
| 20:29 | Crear | Villager (Male) |
| 20:29 | Crear | Villager (Male) |
| 20:30 | Construir | Farm |
| 20:32 | Construir | Farm |
| 20:35 | Construir | Farm |
| 20:36 | Construir | Farm |
| 20:37 | Construir | Farm |
| 20:38 | Construir | Farm |
| 20:41 | Construir | Farm |
| 20:41 | Construir | Farm |
| 20:45 | Crear | Villager (Male) |
| 20:55 | Construir | House |
| 20:58 | Crear | Villager (Male) |
| 20:59 | Crear | Villager (Male) |
| 21:10 | Construir | Farm |
| 21:24 | Crear | Konnik |
| 21:40 | Crear | Konnik |
| 21:45 | Crear | Konnik |
| 21:54 | Construir | Siege Workshop |
| 22:00 | Crear | Konnik |
| 22:13 | Construir | Farm |
| 22:20 | Construir | Gate |
| 22:24 | Construir | Stone Wall |
| 23:20 | Construir | Krepost |
| 23:27 | Crear | Spearman |
| 23:35 | Construir | Town Center |
| 23:49 | Construir | Farm |
| 23:59 | Investigar | Iron Casting |
| 24:42 | Construir | Mining Camp |
| 24:48 | Construir | House |
| 24:56 | Construir | Stone Wall |
| 25:03 | Investigar | Town Watch |
| 25:10 | Construir | Gate |
| 25:14 | Construir | Stone Wall |
| 25:20 | Construir | Gate |
| 25:27 | Crear | Konnik |
| 25:27 | Crear | Konnik |
| 25:57 | Crear | Konnik |
| 26:42 | Crear | Villager (Male) |
| 26:42 | Crear | Villager (Male) |
| 26:50 | Crear | Konnik |
| 26:50 | Crear | Konnik |
| 26:50 | Crear | Konnik |
| 27:08 | Crear | Villager (Male) |
| 27:31 | Construir | Gate |
| 27:34 | Construir | House |
| 28:02 | Construir | Gate |
| 28:08 | Construir | Stone Wall |
| 28:08 | Construir | Stone Wall |
| 28:09 | Construir | Stone Wall |
| 28:09 | Construir | Stone Wall |
| 28:12 | Construir | Stone Wall |
| 28:46 | Construir | Farm |
| 28:47 | Construir | Farm |
| 28:51 | Construir | Farm |
| 28:53 | Construir | Farm |
| 28:55 | Construir | Farm |
| 28:57 | Construir | Farm |
| 28:58 | Construir | Mill |
| 29:02 | Construir | Farm |
| 29:06 | Crear | Villager (Male) |
| 29:31 | Construir | Farm |
| 29:32 | Construir | Farm |
| 29:33 | Construir | Farm |
| 29:40 | Crear | Villager (Male) |
| 30:01 | Crear | Villager (Male) |
| 30:43 | Investigar | Chain Barding Armor |
| 30:49 | Investigar | Fletching |
| 30:55 | Crear | Villager (Male) |
| 30:57 | Crear | Villager (Male) |
| 31:02 | Construir | Farm |
| 31:02 | Construir | Farm |
| 31:03 | Construir | Farm |
Build order — cristobal.ganter
Primeras 150 de 271 acciones detectadas
| 0:06 | Construir | House |
| 0:09 | Crear | Villager (Male) |
| 0:09 | Crear | Villager (Male) |
| 0:09 | Crear | Villager (Male) |
| 0:09 | Crear | Villager (Male) |
| 0:24 | Construir | House |
| 1:06 | Construir | Mill |
| 2:27 | Crear | Villager (Male) |
| 2:27 | Crear | Villager (Male) |
| 2:48 | Crear | Villager (Male) |
| 3:34 | Crear | Villager (Male) |
| 3:34 | Crear | Villager (Male) |
| 3:34 | Crear | Villager (Male) |
| 4:05 | Crear | Villager (Male) |
| 4:05 | Crear | Villager (Male) |
| 4:39 | Crear | Villager (Male) |
| 4:49 | Construir | House |
| 5:10 | Crear | Villager (Male) |
| 5:36 | Construir | Lumber Camp |
| 5:43 | Crear | Villager (Male) |
| 5:43 | Crear | Villager (Male) |
| 5:59 | Crear | Villager (Male) |
| 6:31 | Crear | Villager (Male) |
| 6:31 | Crear | Villager (Male) |
| 6:45 | Construir | House |
| 6:58 | Crear | Villager (Male) |
| 7:08 | Construir | Farm |
| 7:19 | Crear | Villager (Male) |
| 7:20 | Crear | Villager (Male) |
| 7:32 | Construir | Farm |
| 7:58 | Construir | Farm |
| 8:24 | Construir | Farm |
| 8:49 | Construir | Farm |
| 9:20 | Investigar | Loom |
| 9:40 | Investigar | Feudal Age |
| 10:27 | Construir | Lumber Camp |
| 10:46 | Construir | House |
| 11:10 | Construir | Mining Camp |
| 11:14 | Crear | Villager (Male) |
| 11:15 | Crear | Villager (Male) |
| 11:15 | Crear | Villager (Male) |
| 11:15 | Crear | Villager (Male) |
| 11:16 | Crear | Villager (Male) |
| 12:07 | Edad | Edad Feudal |
| 12:44 | Construir | Blacksmith |
| 12:56 | Investigar | Wheelbarrow |
| 13:07 | Construir | Mining Camp |
| 14:27 | Construir | Market |
| 14:44 | Crear | Villager (Male) |
| 14:46 | Crear | Villager (Male) |
| 14:59 | Investigar | Stone Mining |
| 15:41 | Construir | House |
| 15:50 | Investigar | Town Watch |
| 16:17 | Construir | House |
| 16:29 | Investigar | Castle Age |
| 17:02 | Construir | House |
| 17:27 | Investigar | Gold Mining |
| 17:39 | Construir | Farm |
| 17:44 | Construir | Farm |
| 18:04 | Construir | Farm |
| 18:12 | Crear | Villager (Male) |
| 18:13 | Crear | Villager (Male) |
| 18:13 | Crear | Villager (Male) |
| 18:14 | Crear | Villager (Male) |
| 18:15 | Crear | Villager (Male) |
| 19:09 | Edad | Edad de los Castillos |
| 19:19 | Crear | Villager (Male) |
| 19:20 | Crear | Villager (Male) |
| 19:21 | Investigar | Hand Cart |
| 19:26 | Investigar | Horse Collar |
| 19:30 | Investigar | Double-Bit Axe |
| 20:06 | Construir | Castle |
| 20:47 | Construir | Farm |
| 20:59 | Construir | Farm |
| 21:05 | Investigar | Heavy Plow |
| 21:42 | Construir | Mill |
| 21:46 | Crear | Chakram Thrower |
| 21:47 | Crear | Chakram Thrower |
| 21:47 | Crear | Chakram Thrower |
| 21:47 | Crear | Chakram Thrower |
| 21:48 | Crear | Chakram Thrower |
| 21:48 | Crear | Chakram Thrower |
| 21:48 | Crear | Chakram Thrower |
| 21:54 | Construir | Farm |
| 22:13 | Construir | Farm |
| 23:21 | Crear | Chakram Thrower |
| 23:21 | Crear | Chakram Thrower |
| 23:21 | Crear | Chakram Thrower |
| 23:26 | Crear | Villager (Male) |
| 23:26 | Crear | Villager (Male) |
| 23:27 | Crear | Villager (Male) |
| 23:27 | Crear | Villager (Male) |
| 23:30 | Investigar | Forging |
| 24:29 | Investigar | Stone Shaft Mining |
| 24:30 | Investigar | Gold Shaft Mining |
| 24:35 | Investigar | Bow Saw |
| 24:40 | Crear | Villager (Male) |
| 24:40 | Crear | Villager (Male) |
| 24:48 | Construir | Farm |
| 25:06 | Crear | Chakram Thrower |
| 25:06 | Crear | Chakram Thrower |
| 25:16 | Construir | Farm |
| 26:03 | Construir | Farm |
| 26:09 | Construir | Farm |
| 26:13 | Crear | Villager (Male) |
| 26:13 | Crear | Villager (Male) |
| 26:47 | Crear | Chakram Thrower |
| 26:47 | Crear | Chakram Thrower |
| 26:47 | Crear | Chakram Thrower |
| 26:48 | Crear | Chakram Thrower |
| 27:33 | Construir | Mining Camp |
| 27:38 | Crear | Chakram Thrower |
| 27:38 | Crear | Chakram Thrower |
| 28:08 | Construir | Farm |
| 28:14 | Construir | Farm |
| 28:39 | Investigar | Kshatriyas |
| 28:50 | Crear | Villager (Male) |
| 28:50 | Crear | Villager (Male) |
| 29:43 | Construir | Farm |
| 29:48 | Construir | Farm |
| 29:50 | Crear | Villager (Male) |
| 29:50 | Crear | Villager (Male) |
| 29:51 | Crear | Villager (Male) |
| 29:57 | Crear | Chakram Thrower |
| 29:57 | Crear | Chakram Thrower |
| 29:58 | Crear | Chakram Thrower |
| 30:07 | Crear | Villager (Male) |
| 30:07 | Crear | Villager (Male) |
| 30:14 | Investigar | Iron Casting |
| 30:17 | Investigar | Scale Mail Armor |
| 30:18 | Investigar | Fletching |
| 31:13 | Construir | Barracks |
| 31:24 | Crear | Chakram Thrower |
| 31:25 | Crear | Chakram Thrower |
| 31:25 | Crear | Chakram Thrower |
| 31:32 | Crear | Villager (Male) |
| 31:32 | Crear | Villager (Male) |
| 32:35 | Construir | Archery Range |
| 33:18 | Construir | Mining Camp |
| 33:30 | Crear | Chakram Thrower |
| 33:30 | Crear | Chakram Thrower |
| 33:36 | Crear | Spearman |
| 34:23 | Crear | Elephant Archer |
| 34:23 | Crear | Elephant Archer |
| 34:24 | Crear | Elephant Archer |
| 34:24 | Crear | Elephant Archer |
| 34:25 | Crear | Elephant Archer |
| 34:25 | Crear | Elephant Archer |
| 34:38 | Construir | Archery Range |
| 35:35 | Construir | Mining Camp |
Build order — jonasbmas
Primeras 150 de 318 acciones detectadas
| 0:29 | Investigar | Loom |
| 1:06 | Crear | Villager (Male) |
| 1:24 | Crear | Villager (Male) |
| 1:51 | Crear | Villager (Male) |
| 2:23 | Crear | Villager (Male) |
| 2:24 | Crear | Villager (Male) |
| 2:30 | Crear | Villager (Male) |
| 2:52 | Crear | Villager (Male) |
| 3:16 | Crear | Villager (Male) |
| 3:39 | Crear | Villager (Male) |
| 3:39 | Crear | Villager (Male) |
| 3:52 | Construir | House |
| 3:57 | Construir | House |
| 4:00 | Construir | House |
| 4:01 | Construir | House |
| 4:06 | Crear | Villager (Male) |
| 4:07 | Crear | Villager (Male) |
| 4:33 | Crear | Villager (Male) |
| 5:01 | Crear | Villager (Male) |
| 5:02 | Crear | Villager (Male) |
| 5:04 | Crear | Villager (Male) |
| 5:46 | Crear | Villager (Male) |
| 7:05 | Crear | Villager (Male) |
| 7:05 | Crear | Villager (Male) |
| 7:05 | Crear | Villager (Male) |
| 7:12 | Construir | Mill |
| 7:47 | Crear | Villager (Male) |
| 8:00 | Crear | Villager (Male) |
| 8:43 | Construir | Mill |
| 8:50 | Crear | Villager (Male) |
| 9:11 | Construir | Lumber Camp |
| 9:54 | Investigar | Feudal Age |
| 11:55 | Crear | Villager (Male) |
| 12:02 | Crear | Villager (Male) |
| 12:03 | Crear | Villager (Male) |
| 12:07 | Investigar | Double-Bit Axe |
| 12:39 | Construir | Blacksmith |
| 12:43 | Construir | Market |
| 12:56 | Construir | House |
| 12:57 | Construir | House |
| 12:58 | Construir | House |
| 12:59 | Construir | House |
| 13:05 | Crear | Villager (Male) |
| 13:27 | Crear | Villager (Male) |
| 13:27 | Crear | Villager (Male) |
| 13:39 | Crear | Villager (Male) |
| 14:17 | Crear | Villager (Male) |
| 14:24 | Construir | Farm |
| 14:25 | Construir | Farm |
| 14:26 | Construir | Farm |
| 14:27 | Construir | Farm |
| 14:31 | Construir | Farm |
| 15:00 | Construir | Mining Camp |
| 15:19 | Construir | Farm |
| 15:22 | Construir | Farm |
| 15:26 | Crear | Villager (Male) |
| 15:53 | Construir | Mining Camp |
| 16:05 | Construir | Farm |
| 16:17 | Investigar | Castle Age |
| 16:46 | Construir | Farm |
| 16:47 | Construir | Farm |
| 16:48 | Construir | Farm |
| 16:52 | Construir | Farm |
| 17:00 | Construir | Farm |
| 17:23 | Construir | Farm |
| 17:34 | Investigar | Stone Mining |
| 17:36 | Investigar | Gold Mining |
| 17:56 | Investigar | Horse Collar |
| 18:22 | Investigar | Wheelbarrow |
| 18:23 | Investigar | Town Watch |
| 19:02 | Construir | Town Center |
| 19:07 | Crear | Villager (Male) |
| 19:11 | Investigar | Bow Saw |
| 20:12 | Crear | Villager (Male) |
| 20:12 | Crear | Villager (Male) |
| 20:13 | Crear | Villager (Male) |
| 20:13 | Crear | Villager (Male) |
| 20:13 | Crear | Villager (Male) |
| 20:23 | Investigar | Hand Cart |
| 20:24 | Crear | Villager (Male) |
| 20:52 | Crear | Villager (Male) |
| 20:52 | Crear | Villager (Male) |
| 21:10 | Crear | Villager (Male) |
| 21:11 | Crear | Villager (Male) |
| 21:11 | Crear | Villager (Male) |
| 21:34 | Construir | Town Center |
| 21:38 | Crear | Villager (Male) |
| 21:39 | Crear | Villager (Male) |
| 21:52 | Crear | Villager (Male) |
| 22:41 | Construir | Castle |
| 22:45 | Construir | Mining Camp |
| 23:03 | Crear | Villager (Male) |
| 23:04 | Crear | Villager (Male) |
| 23:04 | Crear | Villager (Male) |
| 23:04 | Crear | Villager (Male) |
| 23:12 | Crear | Villager (Male) |
| 23:35 | Crear | Villager (Male) |
| 23:35 | Crear | Villager (Male) |
| 23:53 | Crear | Villager (Male) |
| 23:54 | Crear | Villager (Male) |
| 24:04 | Construir | Town Center |
| 24:17 | Crear | Villager (Male) |
| 24:17 | Crear | Villager (Male) |
| 24:17 | Crear | Villager (Male) |
| 24:43 | Construir | Siege Workshop |
| 24:46 | Construir | Siege Workshop |
| 24:47 | Construir | Siege Workshop |
| 24:53 | Construir | House |
| 24:53 | Construir | House |
| 24:54 | Construir | House |
| 25:00 | Construir | Barracks |
| 25:02 | Construir | Barracks |
| 25:03 | Construir | Barracks |
| 25:06 | Construir | Barracks |
| 25:13 | Crear | Villager (Male) |
| 25:13 | Crear | Villager (Male) |
| 25:13 | Crear | Villager (Male) |
| 25:39 | Construir | Farm |
| 25:43 | Construir | Farm |
| 25:51 | Construir | Farm |
| 25:53 | Construir | Farm |
| 25:58 | Construir | Farm |
| 26:10 | Construir | Farm |
| 26:15 | Investigar | Imperial Age |
| 26:15 | Investigar | Imperial Age |
| 26:36 | Crear | Scorpion |
| 26:37 | Crear | Scorpion |
| 26:38 | Crear | Scorpion |
| 27:06 | Crear | Scorpion |
| 27:23 | Crear | Villager (Male) |
| 27:23 | Crear | Villager (Male) |
| 27:25 | Crear | Villager (Male) |
| 27:25 | Crear | Villager (Male) |
| 27:29 | Crear | Villager (Male) |
| 27:42 | Crear | Scorpion |
| 27:45 | Crear | Battering Ram |
| 27:45 | Crear | Battering Ram |
| 27:46 | Crear | Battering Ram |
| 27:48 | Investigar | Pikeman (upgrade) |
| 27:48 | Investigar | Squires |
| 27:55 | Crear | Villager (Male) |
| 27:56 | Crear | Villager (Male) |
| 27:56 | Crear | Villager (Male) |
| 28:03 | Crear | Villager (Male) |
| 28:04 | Crear | Villager (Male) |
| 28:26 | Construir | Mining Camp |
| 28:42 | Investigar | Gold Shaft Mining |
| 29:02 | Crear | Villager (Male) |
| 29:02 | Crear | Villager (Male) |
| 29:02 | Crear | Villager (Male) |
Build order — Gobinho
Primeras 150 de 290 acciones detectadas
| 0:09 | Construir | House |
| 0:11 | Construir | House |
| 0:15 | Construir | House |
| 0:16 | Crear | Villager (Male) |
| 0:16 | Crear | Villager (Male) |
| 0:16 | Crear | Villager (Male) |
| 0:17 | Crear | Villager (Male) |
| 0:17 | Crear | Villager (Male) |
| 3:06 | Crear | Villager (Male) |
| 3:06 | Crear | Villager (Male) |
| 3:06 | Crear | Villager (Male) |
| 3:42 | Crear | Villager (Male) |
| 3:56 | Investigar | Loom |
| 4:31 | Crear | Villager (Male) |
| 4:31 | Crear | Villager (Male) |
| 5:41 | Construir | House |
| 5:51 | Construir | Mill |
| 6:16 | Crear | Villager (Male) |
| 6:17 | Crear | Villager (Male) |
| 7:56 | Crear | Villager (Male) |
| 7:56 | Crear | Villager (Male) |
| 7:56 | Crear | Villager (Male) |
| 7:58 | Crear | Villager (Male) |
| 8:57 | Construir | Barracks |
| 9:03 | Construir | House |
| 9:24 | Construir | Lumber Camp |
| 9:54 | Construir | Mining Camp |
| 10:02 | Crear | Militia |
| 10:02 | Crear | Militia |
| 10:47 | Investigar | Feudal Age |
| 12:34 | Construir | Mining Camp |
| 12:36 | Crear | Villager (Male) |
| 12:37 | Crear | Villager (Male) |
| 12:44 | Construir | Farm |
| 12:50 | Construir | Farm |
| 12:57 | Edad | Edad Feudal |
| 13:06 | Crear | Villager (Male) |
| 13:53 | Construir | Market |
| 14:32 | Crear | Villager (Male) |
| 15:05 | Construir | Stable |
| 15:58 | Crear | Villager (Male) |
| 15:58 | Crear | Villager (Male) |
| 16:04 | Crear | Spearman |
| 16:05 | Crear | Spearman |
| 16:20 | Construir | Lumber Camp |
| 16:28 | Construir | Farm |
| 16:32 | Construir | House |
| 17:14 | Construir | Farm |
| 17:25 | Investigar | Castle Age |
| 17:32 | Construir | House |
| 17:36 | Construir | House |
| 18:31 | Crear | Scout Cavalry |
| 18:31 | Crear | Scout Cavalry |
| 18:41 | Crear | Villager (Male) |
| 19:00 | Construir | Mill |
| 19:09 | Construir | Farm |
| 19:48 | Construir | Mining Camp |
| 19:52 | Crear | Villager (Male) |
| 19:53 | Crear | Villager (Male) |
| 19:53 | Crear | Villager (Male) |
| 19:53 | Crear | Villager (Male) |
| 20:05 | Edad | Edad de los Castillos |
| 20:32 | Construir | Town Center |
| 21:01 | Construir | Farm |
| 21:03 | Crear | Villager (Male) |
| 21:06 | Investigar | Town Watch |
| 21:28 | Crear | Villager (Male) |
| 21:28 | Crear | Villager (Male) |
| 21:29 | Crear | Villager (Male) |
| 21:29 | Crear | Villager (Male) |
| 21:47 | Crear | Villager (Male) |
| 21:48 | Crear | Villager (Male) |
| 21:48 | Crear | Villager (Male) |
| 22:43 | Crear | Villager (Male) |
| 22:55 | Crear | Villager (Male) |
| 22:55 | Crear | Villager (Male) |
| 22:56 | Crear | Villager (Male) |
| 23:17 | Construir | Town Center |
| 23:25 | Crear | Villager (Male) |
| 23:26 | Crear | Villager (Male) |
| 23:35 | Construir | Mining Camp |
| 24:06 | Construir | Farm |
| 24:17 | Crear | Villager (Male) |
| 24:17 | Crear | Villager (Male) |
| 24:49 | Construir | Farm |
| 24:55 | Crear | Villager (Male) |
| 24:55 | Crear | Villager (Male) |
| 25:45 | Construir | Castle |
| 25:53 | Crear | Villager (Male) |
| 25:54 | Crear | Villager (Male) |
| 25:58 | Construir | Farm |
| 26:00 | Crear | Villager (Male) |
| 26:01 | Crear | Villager (Male) |
| 26:01 | Crear | Villager (Male) |
| 26:06 | Crear | Villager (Male) |
| 26:06 | Crear | Villager (Male) |
| 26:15 | Construir | Farm |
| 26:18 | Construir | Farm |
| 26:24 | Construir | Farm |
| 26:27 | Investigar | Horse Collar |
| 26:30 | Construir | Farm |
| 26:44 | Construir | House |
| 26:45 | Construir | House |
| 26:46 | Construir | House |
| 26:48 | Construir | House |
| 26:51 | Construir | House |
| 26:52 | Construir | House |
| 26:53 | Construir | House |
| 26:54 | Construir | House |
| 26:57 | Construir | Farm |
| 26:59 | Construir | Farm |
| 27:33 | Investigar | Gold Mining |
| 27:42 | Investigar | Stone Mining |
| 27:53 | Construir | Farm |
| 28:01 | Crear | Villager (Male) |
| 28:01 | Crear | Villager (Male) |
| 28:01 | Crear | Villager (Male) |
| 28:02 | Crear | Villager (Male) |
| 28:18 | Crear | Villager (Male) |
| 28:19 | Crear | Villager (Male) |
| 28:19 | Crear | Villager (Male) |
| 28:24 | Crear | Villager (Male) |
| 28:25 | Crear | Villager (Male) |
| 28:26 | Crear | Villager (Male) |
| 29:01 | Construir | Farm |
| 29:05 | Construir | Farm |
| 29:14 | Construir | Farm |
| 29:33 | Construir | Krepost |
| 29:50 | Construir | Town Center |
| 29:54 | Crear | Villager (Male) |
| 29:54 | Crear | Villager (Male) |
| 29:59 | Crear | Villager (Male) |
| 30:03 | Crear | Villager (Male) |
| 30:04 | Crear | Villager (Male) |
| 30:04 | Crear | Villager (Male) |
| 30:05 | Crear | Villager (Male) |
| 30:05 | Crear | Villager (Male) |
| 30:15 | Investigar | Gold Shaft Mining |
| 30:30 | Crear | Villager (Male) |
| 30:30 | Crear | Villager (Male) |
| 30:30 | Crear | Villager (Male) |
| 30:37 | Crear | Villager (Male) |
| 30:38 | Crear | Villager (Male) |
| 30:38 | Crear | Villager (Male) |
| 31:02 | Crear | Konnik |
| 31:02 | Crear | Konnik |
| 31:34 | Crear | Konnik |
| 31:34 | Crear | Konnik |
| 31:42 | Construir | Farm |
| 31:45 | Construir | Farm |
Build order — julianlutzen
Primeras 150 de 295 acciones detectadas
| 0:06 | Crear | Villager (Male) |
| 0:06 | Investigar | Loom |
| 0:07 | Crear | Villager (Male) |
| 0:07 | Crear | Villager (Male) |
| 0:07 | Crear | Villager (Male) |
| 0:10 | Construir | House |
| 0:24 | Construir | House |
| 0:25 | Construir | House |
| 0:27 | Construir | House |
| 2:01 | Crear | Villager (Male) |
| 2:55 | Crear | Villager (Male) |
| 2:55 | Crear | Villager (Male) |
| 2:56 | Crear | Villager (Male) |
| 3:26 | Crear | Villager (Male) |
| 3:27 | Crear | Villager (Male) |
| 3:27 | Crear | Villager (Male) |
| 4:00 | Crear | Villager (Male) |
| 4:16 | Crear | Villager (Male) |
| 4:34 | Crear | Villager (Male) |
| 5:02 | Crear | Villager (Male) |
| 5:02 | Crear | Villager (Male) |
| 5:50 | Crear | Villager (Male) |
| 5:50 | Crear | Villager (Male) |
| 6:27 | Crear | Villager (Male) |
| 6:27 | Crear | Villager (Male) |
| 7:56 | Investigar | Feudal Age |
| 8:31 | Construir | Lumber Camp |
| 8:34 | Crear | Villager (Male) |
| 8:35 | Crear | Villager (Male) |
| 8:39 | Crear | Villager (Male) |
| 10:05 | Construir | Mining Camp |
| 10:09 | Edad | Edad Feudal |
| 10:19 | Crear | Villager (Male) |
| 10:44 | Construir | Mill |
| 10:55 | Construir | House |
| 11:07 | Construir | House |
| 11:10 | Crear | Villager (Male) |
| 11:11 | Crear | Villager (Male) |
| 11:41 | Construir | House |
| 12:35 | Crear | Villager (Male) |
| 12:35 | Crear | Villager (Male) |
| 12:36 | Crear | Villager (Male) |
| 12:52 | Construir | Mining Camp |
| 14:21 | Investigar | Castle Age |
| 15:12 | Crear | Villager (Male) |
| 15:12 | Crear | Villager (Male) |
| 15:30 | Construir | Farm |
| 15:30 | Construir | Farm |
| 15:31 | Construir | Farm |
| 15:32 | Construir | Farm |
| 15:32 | Construir | Farm |
| 15:33 | Construir | Farm |
| 15:35 | Construir | Farm |
| 15:36 | Construir | Farm |
| 15:39 | Construir | Farm |
| 15:40 | Construir | Farm |
| 15:54 | Construir | Farm |
| 16:16 | Investigar | Double-Bit Axe |
| 17:01 | Edad | Edad de los Castillos |
| 17:28 | Crear | Villager (Male) |
| 17:28 | Crear | Villager (Male) |
| 17:28 | Crear | Villager (Male) |
| 17:50 | Construir | Market |
| 17:54 | Crear | Villager (Male) |
| 17:54 | Crear | Villager (Male) |
| 18:05 | Construir | Castle |
| 18:31 | Construir | Monastery |
| 18:37 | Investigar | Horse Collar |
| 19:05 | Crear | Villager (Male) |
| 19:31 | Construir | Stable |
| 19:46 | Investigar | Bow Saw |
| 19:50 | Crear | Villager (Male) |
| 19:50 | Crear | Villager (Male) |
| 20:02 | Construir | Farm |
| 20:15 | Crear | Knight |
| 20:15 | Crear | Knight |
| 20:27 | Crear | Villager (Male) |
| 20:42 | Construir | Farm |
| 20:49 | Construir | Siege Workshop |
| 21:19 | Construir | Stable |
| 21:43 | Crear | Villager (Male) |
| 21:43 | Crear | Villager (Male) |
| 21:44 | Crear | Villager (Male) |
| 21:54 | Construir | Town Center |
| 22:00 | Investigar | Wheelbarrow |
| 22:21 | Construir | Mining Camp |
| 22:24 | Investigar | Stone Mining |
| 22:44 | Crear | Villager (Male) |
| 22:53 | Crear | Mangonel |
| 22:59 | Crear | Villager (Male) |
| 22:59 | Crear | Villager (Male) |
| 23:06 | Crear | Trade Cart |
| 23:10 | Construir | Farm |
| 23:13 | Crear | Villager (Male) |
| 23:47 | Construir | Farm |
| 23:52 | Crear | Villager (Male) |
| 23:54 | Crear | Villager (Male) |
| 23:55 | Crear | Villager (Male) |
| 24:03 | Crear | Monk |
| 24:13 | Construir | Monastery |
| 24:17 | Investigar | Fervor |
| 24:21 | Crear | Villager (Male) |
| 24:23 | Crear | Villager (Male) |
| 24:26 | Crear | Villager (Male) |
| 24:48 | Crear | Monk |
| 24:56 | Construir | Farm |
| 25:02 | Crear | Monk |
| 25:14 | Construir | University |
| 25:43 | Construir | Farm |
| 25:45 | Crear | Villager (Male) |
| 25:45 | Crear | Villager (Male) |
| 25:48 | Crear | Monk |
| 26:09 | Construir | Farm |
| 26:17 | Investigar | Murder Holes |
| 26:55 | Construir | Farm |
| 26:57 | Construir | Farm |
| 26:59 | Crear | Villager (Male) |
| 26:59 | Crear | Villager (Male) |
| 27:09 | Investigar | Fortified Wall (upgrade) |
| 27:17 | Construir | House |
| 27:19 | Construir | House |
| 27:19 | Construir | House |
| 27:26 | Investigar | Gold Mining |
| 27:37 | Construir | Farm |
| 27:56 | Construir | House |
| 28:04 | Investigar | Hand Cart |
| 28:09 | Crear | Villager (Male) |
| 28:09 | Crear | Villager (Male) |
| 28:17 | Crear | Monk |
| 28:26 | Crear | Villager (Male) |
| 28:29 | Investigar | Town Watch |
| 29:05 | Crear | Villager (Male) |
| 29:06 | Crear | Villager (Male) |
| 29:08 | Crear | Villager (Male) |
| 29:08 | Crear | Villager (Male) |
| 29:11 | Crear | Trade Cart |
| 29:28 | Construir | Castle |
| 30:03 | Construir | Farm |
| 30:09 | Construir | House |
| 30:10 | Construir | House |
| 30:10 | Construir | House |
| 30:11 | Construir | House |
| 30:11 | Construir | House |
| 30:11 | Construir | House |
| 30:20 | Construir | Blacksmith |
| 30:22 | Crear | Villager (Male) |
| 30:22 | Crear | Villager (Male) |
| 30:28 | Crear | Battle Elephant |
| 30:30 | Crear | Battle Elephant |
| 30:32 | Crear | Scorpion |
Cronología de la partida
| 8:57 | Gobinho · first_building Barracks |
| 10:09 | julianlutzen · age_up feudal |
| 10:20 | danielfns · age_up feudal |
| 10:43 | Girk · age_up feudal |
| 11:33 | Burzgûl · first_building Barracks |
| 12:07 | cristobal.ganter · age_up feudal |
| 12:17 | Struggler · age_up feudal |
| 12:21 | Burzgûl · age_up feudal |
| 12:38 | Girk · first_building Barracks |
| 12:57 | Gobinho · age_up feudal |
| 14:19 | Struggler · first_market_sell 100 food |
| 14:20 | danielfns · first_building Barracks |
| 15:05 | Gobinho · first_building Stable |
| 16:41 | Girk · first_building Stable |
| 16:50 | Burzgûl · age_up castle |
| 16:52 | danielfns · age_up castle |
| 17:01 | julianlutzen · age_up castle |
| 17:01 | Girk · first_market_sell 100 wood |
| 17:03 | danielfns · first_building Siege Workshop |
| 17:04 | Girk · first_market_buy 100 food |
| 17:10 | Struggler · age_up castle |
| 18:05 | julianlutzen · first_building Castle |
| 18:31 | julianlutzen · first_building Monastery |
| 19:09 | cristobal.ganter · age_up castle |
| 19:31 | Struggler · first_building Krepost |
| 19:31 | julianlutzen · first_building Stable |
| 19:36 | Struggler · first_building Barracks |
| 19:50 | Girk · wall_segment Palisade Wall x10 |
| 20:05 | Gobinho · age_up castle |
| 20:05 | Burzgûl · first_building Archery Range |
| 20:05 | Girk · age_up castle |
| 20:06 | cristobal.ganter · first_building Castle |
| 20:24 | Gobinho · first_market_buy 100 wood |
| 20:43 | Burzgûl · first_building Monastery |
| 20:49 | julianlutzen · first_building Siege Workshop |
| 21:25 | Girk · wall_segment Palisade Wall x6 |
| 21:38 | Girk · wall_segment Palisade Wall x4 |
| 21:49 | julianlutzen · first_market_buy 100 wood |
| 21:54 | Struggler · first_building Siege Workshop |
| 22:11 | Girk · wall_segment Palisade Wall x1 |
| 22:15 | Girk · wall_segment Palisade Wall x1 |
| 22:24 | Struggler · wall_segment Stone Wall x1 |
| 22:29 | Girk · first_building Siege Workshop |
| 22:38 | Girk · wall_segment Palisade Wall x5 |
| 22:41 | jonasbmas · first_building Castle |
| 22:51 | Girk · wall_segment Stone Wall x9 |
| 23:25 | Girk · wall_segment Palisade Wall x4 |
| 24:08 | Struggler · first_market_buy 100 stone |
| 24:43 | jonasbmas · first_building Siege Workshop |
| 24:56 | Struggler · wall_segment Stone Wall x1 |
| 25:00 | jonasbmas · first_building Barracks |
| 25:14 | Struggler · wall_segment Stone Wall x1 |
| 25:20 | Girk · wall_segment Palisade Wall x3 |
| 25:45 | Gobinho · first_building Castle |
| 26:56 | Girk · tribute_sent a jugador 2 |
| 26:56 | Girk · tribute_sent a jugador 3 |
| 26:56 | Girk · tribute_sent a jugador 4 |
| 26:56 | Girk · tribute_sent a jugador 5 |
| 26:56 | Girk · tribute_sent a jugador 6 |
| 26:56 | Girk · tribute_sent a jugador 7 |
| 26:56 | Girk · tribute_sent a jugador 8 |
| 28:08 | Struggler · wall_segment Stone Wall x4 |
| 28:08 | Struggler · wall_segment Stone Wall x2 |
| 28:09 | Struggler · wall_segment Stone Wall x1 |
| 28:09 | Struggler · wall_segment Stone Wall x1 |
| 28:12 | Struggler · wall_segment Stone Wall x12 |
| 28:23 | Burzgûl · first_building Castle |
| 29:33 | Gobinho · first_building Krepost |
| 29:34 | danielfns · first_market_sell 100 wood |
| 30:53 | danielfns · first_building Monastery |
| 31:13 | cristobal.ganter · first_building Barracks |
| 32:35 | cristobal.ganter · first_building Archery Range |
| 32:52 | danielfns · age_up imperial |
| 35:03 | julianlutzen · age_up imperial |
| 36:06 | Struggler · wall_segment Stone Wall x4 |
| 37:19 | Burzgûl · age_up imperial |
| 37:45 | Struggler · wall_segment Palisade Wall x3 |
| 38:54 | Gobinho · age_up imperial |
| 40:02 | danielfns · first_building Stable |
| 40:19 | Girk · first_building Castle |
| 41:02 | Gobinho · first_market_sell 100 wood |
| 42:34 | julianlutzen · wall_segment Stone Wall x22 |
| 43:16 | Burzgûl · first_market_sell 100 food |
| 43:31 | cristobal.ganter · age_up imperial |
| 43:54 | cristobal.ganter · first_building Stable |
| 44:45 | Struggler · age_up imperial |
| 47:11 | Girk · age_up imperial |
| 47:11 | danielfns · first_building Castle |
| 47:28 | julianlutzen · resign |
| 48:36 | Struggler · first_building Castle |
[ ANÁLISIS IA · 1 CRÉDITO ]
¿Qué pasó realmente en esta partida?
Wolo.gg analiza cada decisión: build order, eco, micro, errores típicos por bracket. Análisis personalizado por WhatsApp o Discord en 30 segundos.
Guía civ
Aztecas
Guía mapa
Arena
Perfil
Burzgûl